 Dungeon Crawl Stone Soup version 0.31-a0-219-g8d62b2e7bb (webtiles) character file.

Game seed: 11053288046489944358

25 Zonian the Magician (level 2, -5/15 HPs)
             Began as a Deep Elf Hedge Wizard on July 3, 2023.
             Slain by a gnoll
             ... wielding a +0 halberd
              (11 damage)
             ... on level 2 of the Dungeon.
             The game lasted 00:01:49 (1212 turns).

Zonian the Magician (Deep Elf Hedge Wizard)         Turns: 1212, Time: 00:01:50

Health: -5/15      AC:  2    Str:  7    XL:     2   Next: 82%
Magic:  3/9        EV: 12    Int: 18    God:
Gold:   50         SH:  0    Dex: 14    Spells: 6/10 levels left

rFire   . . .        a - +0 dagger
rCold   . . .        (no shield)
rNeg    . . .        b - +0 robe
rPois   .            c - +0 hat
rElec   .            (no cloak)
rCorr   .            (no gloves)
SInv    .            (no boots)
Will    .....        (no amulet)
Stlth   ++           (no ring)
HPRegen 0.22/turn    (no ring)
MPRegen 0.11/turn

%: no passive effects
@: no status effects
A: no striking features
a: no special abilities


You were on level 2 of the Dungeon.
You visited 1 branch of the dungeon, and saw 2 of its levels.

You collected 50 gold pieces.

Inventory:

Hand Weapons
 a - a +0 dagger (weapon)
Missiles
 i - 2 poisoned darts
Armour
 b - a +0 robe (worn)
 c - a +0 hat (worn)
Scrolls
 h - a scroll of summoning {unknown}
Potions
 d - a potion of magic
 e - 2 potions of might {unknown}
 f - a potion of degeneration {unknown}
 g - 2 potions of haste {unknown}


   Skills:
 + Level 2.8 Dodging
 + Level 2.8 Stealth
 + Level 4.6 Spellcasting
 + Level 1.6 Conjurations
 + Level 1.6 Summonings
 + Level 1.5 Translocations


You had 6 spell levels left.
You knew the following spells:

 Your Spells              Type           Power      Damage    Failure   Level
a - Magic Dart            Conj           36%        1d4       7%          1
b - Slow                  Hex            16%        N/A       14%         1
c - Blink                 Tloc           18%        N/A       12%         2

Your spell library contained the following spells:

 Spells                   Type           Power      Damage    Failure   Level
 Call Imp                 Summ           20%        N/A       11%         2
 Cigotuvi's Dreadful Rot  Necr/Pois/Air  8%         N/A       22%         2
 Dazzling Flash           Conj/Hex       14%        N/A       30%         3
 Mephitic Cloud           Conj/Pois/Air  6%         N/A       32%         3
 Agony                    Necr           4%         N/A       98%         5
 Silence                  Hex/Air        2%         N/A       98%         5


Dungeon Overview and Level Annotations

Branches:
Dungeon (2/15)

Altars:


Message History

The magic dart hits the endoplasm.
You kill the endoplasm!
You can't see any susceptible monsters within range! (Use Z to cast anyway.)
You can't see any susceptible monsters within range! (Use Z to cast anyway.) Unknown command.
A gnoll comes into view. It is wielding a +0 halberd.
A gnoll is nearby!
Unknown command.
The magic dart hits the gnoll.
The gnoll is moderately wounded.
The gnoll shouts!
You can't see any susceptible monsters within range! (Use Z to cast anyway.)
You can't see any susceptible monsters within range! (Use Z to cast anyway.)
You can't see any susceptible monsters within range! (Use Z to cast anyway.)
The magic dart hits the gnoll.
The gnoll is moderately wounded.
The magic dart hits the gnoll.
The gnoll is heavily wounded.
A gnoll comes into view. It is wielding a +0 club.
The gnoll barely misses you.
The magic dart hits the gnoll but does no damage.
The gnoll is heavily wounded.
The gnoll shouts!
You hear a shout!
The gnoll barely misses you.
The magic dart hits the gnoll.
The gnoll is heavily wounded.
The gnoll hits you from afar with a +0 halberd!
Ouch! That really hurt!
You are too injured to fight recklessly!
You are too injured to fight recklessly!
Unknown command.
Casting: Magic Dart (safe; 7% risk of failure)
Confirm with . or Enter, or press ? or * to list all spells.
Aiming: Slow (safe; 14% risk of failure)
Press: ? - help, Shift-Dir - straight line, f/p - gnoll
Aim: a gnoll, wielding a +0 halberd (heavily wounded, chance to affect: 46%)
The gnoll resists with some effort.
The gnoll hits you from afar with a +0 halberd!
Ouch! That really hurt!
You die...

......##...##........... #
#..(.......#####.##..###.##
#.###........<....#........
.......##.####.#.#)......#
######.##.###.##.##..###..
#.##.##.........#
#.##.#.#.##.##..###.
#.##..###...........#
#.####.#.#.@.########
#.###.#.#.#.##
#....#####g.# #####.###.###
##.#.## ##g## ###.# #...#
#.###


You could see 2 gnolls.

Vanquished Creatures
  A dart slug (D:1)
  3 endoplasms
  2 giant cockroaches
  3 goblins
  3 hobgoblins (D:1)
  2 kobolds
  2 quokkas (D:1)
  3 rats (D:1)
19 creatures vanquished.

Notes
Turn   | Place    | Note
-------+----------+-------------------------------------------
     0 | D:1      | Zonian the Deep Elf Hedge Wizard began the quest for the
                  | Orb.
     0 | D:1      | Reached XP level 1. HP: 10/10 MP: 7/7
   244 | D:1      | Learned a level 1 spell: Slow
   305 | D:1      | Reached XP level 2. HP: 15/15 MP: 3/9
  1036 | D:2      | Learned a level 2 spell: Blink
  1212 | D:2      | Slain by a gnoll

Illustrated notes

Levels and vault maps discovered:
D:1:      dpeg_arrival_leaves_temple_mockup, layout_rooms
D:2:      layout_loops_ring, shapermc_ecumenical_altar_totnotflames,
          kennysheep_another_room

Action                     || total
---------------------------++-------
  Melee: Dagger            ||     9
   Cast: Magic Dart        ||    67
         Slow              ||     1
    Use: Scroll            ||     1
 Armour: Robe              ||     2
  Dodge: Dodged            ||    19

Table legend: (Time is in decaauts)
 A = Elapsed time spent in this place.
 B = Non-inter-level travel time spent in this place.
 C = Inter-level travel time spent in this place.
 D = Time resting spent in this place.
 E = Time spent auto-exploring this place.
 F = Levels seen in this place.
 G = Mean time per level.
                   A        B        C        D        E       F      G
               +--------+--------+--------+--------+--------+-----+--------+
         Total |   1211 |   1196 |     15 |    178 |    865 |   2 |  605.5 |
       Dungeon |   1211 |   1196 |     15 |    178 |    865 |   2 |  605.5 |
               +--------+--------+--------+--------+--------+-----+--------+

Top non-repeatable levels by time:
     D:1: 797 daAuts
     D:2: 414 daAuts
